 Dungeon Crawl Stone Soup version 0.31-a0-702-gf82c85558f (webtiles) character file.

Game seed: 600964109379270170

75 qw the Shooter (level 4, -9/27 HPs)
             Began as a Gargoyle Hunter on Sept 8, 2023.
             Killed by divine providence
             ... invoked by an orc priest
              (11 damage)
             ... on level 3 of the Dungeon.
             The game lasted 00:00:32 (1329 turns).

qw the Shooter (Gargoyle Hunter)                    Turns: 1329, Time: 00:00:33

Health: -9/27      AC: 10    Str: 15    XL:     4   Next: 31%
Magic:  4/4        EV: 16    Int:  9    God:
Gold:   157        SH:  0    Dex: 15    Spells: 3/3 levels left

rFire   . . .        Y - +0 shortbow
rCold   . . .        (shield currently unavailable)
rNeg    + . .        e - +0 ring mail
rPois   inf          g - +0 helmet
rElec   +            (no cloak)
rCorr   .            (no gloves)
SInv    .            (no boots)
Will    .....        (no amulet)
Stlth   +            f - +5 ring of evasion
HPRegen 0.24/turn    (no ring)
MPRegen 0.09/turn

%: no passive effects
@: no status effects
A: sickness immunity, AC +3, negative energy resistance 1, electricity
resistance, torment resistance 1, petrification resistance
a: no special abilities


You were on level 3 of the Dungeon.
You visited 1 branch of the dungeon, and saw 3 of its levels.

You collected 157 gold pieces.


Innate Abilities, Weirdness & Mutations

You are immune to sickness and miasma.
Your stone body is resilient. (AC +3)
You are immune to poison.
You resist negative energy. (rN+)
You are resistant to electric shocks. (rElec)
You are resistant to unholy torment.
You are immune to petrification.


   Skills:
 + Level 2.4 Fighting
 - Level 5.0 Ranged Weapons
 - Level 2.2 Armour
 - Level 1.5 Dodging
 - Level 1.1 Stealth


You had 3 spell levels left.
You didn't know any spells.
Your spell library was empty.

Inventory:

Hand Weapons
 Y - a +0 shortbow (weapon)
Armour
 e - a +0 ring mail (worn)
 g - a +0 helmet (worn)
Jewellery
 f - a +5 ring of evasion (left hand)
Scrolls
 a - a scroll of identify
 k - a scroll of immolation {unknown}
Potions
 b - a potion of curing {unknown}
 c - 2 potions of might {unknown}
 d - a potion of enlightenment {unknown}
 h - 2 potions of brilliance {unknown}
 i - a potion of lignification {unknown}
 j - a potion of ambrosia {unknown}
 l - 2 potions of magic {unknown}

Dungeon Overview and Level Annotations

Branches:
Dungeon (3/15)

Altars:

Shops:
D:1 *   D:2 *


Message History

You shoot an arrow. The hobgoblin shouts!
The arrow hits the orc priest but does no damage.
You shoot an arrow. The arrow hits the hobgoblin!
You kill the hobgoblin!
You shoot an arrow. The arrow barely misses the orc priest.
The orc priest invokes the aid of Beogh against you.
Beogh smites you!
Ouch! That really hurt!
You shoot an arrow. The arrow hits the orc priest.
The orc priest is heavily wounded.
You shoot an arrow. The arrow hits the orc priest.
The orc priest is severely wounded.
The orc priest misses you.
You shoot an arrow.
The arrow hits the orc priest but does no damage.
The orc priest is severely wounded.
The orc priest closely misses you.
You shoot an arrow.
The arrow completely misses the orc priest.
The orc priest hits you but does no damage.
You shoot an arrow.
The arrow closely misses the orc priest.
The orc priest hits you with a +0 mace.
The orc priest hits you but does no damage.
You shoot an arrow.
The arrow hits the orc priest but does no damage.
The orc priest is severely wounded.
The orc priest barely misses you.
You shoot an arrow. The arrow barely misses the orc priest.
The orc priest hits you but does no damage.
You shoot an arrow.
The arrow hits the orc priest but does no damage.
The orc priest is severely wounded.
The orc priest barely misses you.
You shoot an arrow. The arrow hits the orc priest.
The orc priest is almost dead.
The orc priest invokes the aid of Beogh against you.
Beogh smites you!
You die...

.........#
.........##..... >..
.........# ..... ...
... ......)..# .... ..
... .........# ... ).
.... .........# ..
.#.....
####..#########) .#..#
####...........)#....#
#......###### ##@o#
#......# #####..##
.......# #......#
.......# #.....##
#.###..# ##.....##.
#.# #..###..........
#.###..##.)..........
#..##.)#.............
##..#....##.......#.#


You could see an orc priest.

Vanquished Creatures
  Jessica (D:3)
  A gnoll (D:3)
  A worm (D:3)
  4 orcs (D:3)
  2 bats (D:2)
  2 endoplasms
  2 giant cockroaches
  2 hobgoblins
  A quokka (D:1)
  3 ball pythons
  A frilled lizard (D:3)
  4 goblins
  5 kobolds
  4 rats
33 creatures vanquished.

Notes
Turn   | Place    | Note
-------+----------+-------------------------------------------
     0 | D:1      | qw the Gargoyle Hunter began the quest for the Orb.
     0 | D:1      | Reached XP level 1. HP: 12/12 MP: 1/1
     0 | D:1      | 0 ||| qw: Version: 0.3-a-76-g4403597
     0 | D:1      | 0 ||| qw: Game counter: 1200
     0 | D:1      | 0 ||| qw: Melee chars always use a shield: true
     0 | D:1      | 0 ||| qw: God list: Okawaru
     0 | D:1      | 0 ||| qw: Allow faded altars: false
     0 | D:1      | 0 ||| qw: Do Orc after clearing Dungeon:15 true
     0 | D:1      | 0 ||| qw: Do second Lair branch before Depths: true
     0 | D:1      | 0 ||| qw: Lair rune preference: random
     0 | D:1      | 0 ||| qw: Goals: Normal
     0 | D:1      | 0 ||| PLANNING D:1-11
   238 | D:1      | Found Vuorph's General Store.
   247 | D:1      | 247 ||| SHOPLISTING +0 ring mail (56 gold, have 23).
   247 | D:1      | 247 ||| SHOPLISTING ring of see invisible (210 gold, have
                  | 23).
   247 | D:1      | 247 ||| SHOPLISTING scroll of identify (28 gold, have 23).
   542 | D:1      | 542 ||| UPGRADING to +0 helmet.
   547 | D:1      | 547 ||| READING scroll labelled DEIBAKL XUAMI.
   548 | D:1      | 548 ||| READING scroll labelled AHEENKUXUBE.
   549 | D:1      | 549 ||| READING scroll labelled TADIFA VUNLUSCH.
   550 | D:1      | 550 ||| DROPPING scroll of butterflies.
   652 | D:2      | Reached XP level 2. HP: 17/17 MP: 2/2
   673 | D:2      | Found Ysmos's General Store.
   679 | D:2      | 679 ||| SHOPLISTING 3 scrolls of teleportation (126 gold,
                  | have 82).
   986 | D:2      | Identified the +7 hand axe of the Winnowing Priest {heavy,
                  | Int+5}
  1080 | D:2      | 1080 ||| UPGRADING to +0 ring mail.
  1090 | D:2      | 1090 ||| DROPPING +0 leather armour.
  1091 | D:2      | 1091 ||| DROPPING amulet of magic regeneration.
  1092 | D:2      | 1092 ||| UPGRADING to +5 ring of evasion.
  1093 | D:2      | 1093 ||| READING scroll labelled HUIMIO OX PAI.
  1130 | D:3      | Noticed Jessica
  1159 | D:3      | Killed Jessica
  1160 | D:3      | Reached XP level 3. HP: 21/21 MP: 3/3
  1236 | D:3      | 1236 ||| DROPPING +2 sling of flaming.
  1275 | D:3      | Reached skill level 5 in Ranged Weapons
  1275 | D:3      | Reached XP level 4. HP: 25/26 MP: 4/4
  1311 | D:3      | 1311 ||| Stepping ~*~*~tactically~*~*~ (outnumbered).
  1320 | D:3      | HP: 2/27 [orc priest/divine providence (14)]
  1325 | D:3      | HP: 1/27 [orc priest/+0 mace (3)]
  1329 | D:3      | Killed from afar by an orc priest

Levels and vault maps discovered:
D:1:      lightli_arrival_maybe_door_vault, layout_basic, serial_forest,
          infiniplex_forest_end_1, infiniplex_forest_clump_curved,
          infiniplex_forest_lined_2, infiniplex_forest_fountain,
          infiniplex_forest_split, infiniplex_forest_lined_3, serial_shops,
          nicolae_square_shop, minmay_liquid_box
D:2:      layout_rooms, serial_shops, shop
D:3:      layout_rooms, minmay_starry_boxes, uniq_ijyb, uniq_jessica

Skill      XL: |  1  2  3 |
---------------+----------+-----
Armour         | 2 |  2.2
Ranged Weapons | 5 |  5.0
Fighting       | |  2.4
Dodging        | |  1.5
Stealth        | |  1.1

Action                     |  1- 3 |  4- 6 || total
---------------------------+-------+-------++-------
   Fire: Shortbow          |    97 |    23 ||   120
    Use: Scroll            |     4 |       ||     4
 Armour: Leather armour    |    14 |       ||    14
         Ring mail         |     3 |     4 ||     7
  Dodge: Dodged            |    15 |     4 ||    19

Table legend:
 A = Non-vault XP
 B = Vault XP
 C = Vault XP percentage of total XP
 D = Non-vault monster count
 E = Vault monster count
 F = Vault count percentage of total count
                 A         B        C        D         E       F
            +---------+---------+-------+---------+---------+-------
      Total |      46 |      62 |  57.4 |      26 |       7 |  21.2
            +---------+---------+-------+---------+---------+-------
        D:1 |       7 |       0 |   0.0 |       5 |       0 |   0.0
        D:2 |      15 |       0 |   0.0 |      11 |       0 |   0.0
        D:3 |      24 |      62 |  72.1 |      10 |       7 |  41.2
            +---------+---------+-------+---------+---------+-------
